 Dungeon Crawl Stone Soup version 0.28.0-45-g0d030f2227 (webtiles) character file.

Game seed: 5856779782298101209

50931 MalarOregon the Fighter (level 14, 0/126 HPs)
             Began as a Palentonga Fighter on Apr 19, 2022.
             Was a High Priest of the Shining One.
             Succumbed to a swamp dragon's poison gas
             ... on level 6 of the Lair of Beasts.
             The game lasted 00:35:32 (16913 turns).

MalarOregon the Fighter (Palentonga Fighter)       Turns: 16913, Time: 00:35:32

Health: 0/126      AC: 22    Str: 30    XL:     14   Next: 21%
Magic:  14/14      EV:  4    Int: 11    God:    the Shining One [*****.]
Gold:   1443       SH: 15    Dex: 10    Spells: 13/13 levels left

rFire   . . .      SeeInvis +   A - +4 morningstar (spect)
rCold   . . .      Faith    .   z - +0 tower shield
rNeg    + + .      Spirit   .   l - +5 plate armour of Kindness {Will+ Regen+ Int+2}
rPois   .          Reflect  .   (no helmet)
rElec   .          Harm     .   r - +0 cloak
rCorr   .          Rampage  .   k - +1 pair of gloves
Will    ++...                   (no barding)
Stlth   ..........              (no amulet)
HPRegen 1.11/turn               D - +6 ring of strength
MPRegen 0.14/turn               (no ring)

@: lethally poisoned (0 -> -39), glowing
A: large, rugged brown scales 3, see invisible, deformed body, roll 1, armoured
tail, reflexive curl
a: Rolling Charge, Renounce Religion, Divine Shield, Cleansing Flame, Summon
Divine Warrior


You were on level 6 of the Lair of Beasts.
You worshipped the Shining One.
The Shining One was extremely pleased with you.
You visited 3 branches of the dungeon, and saw 17 of its levels.
You also visited: Volcano.

You collected 1587 gold pieces.
You spent 144 gold pieces at shops.


Innate Abilities, Weirdness & Mutations

You are completely covered in rugged brown scales. (AC +3, +7% HP)
You have supernaturally acute eyesight. (SInv)
Armour fits poorly on your strangely shaped body.
You can roll at nearby foes to attack.
You have a long armoured tail.
You curl defensively after being hit. (AC +7*)


   Skills:
 + Level 13.1 Fighting
 + Level 12.8 Maces & Flails
 + Level 11.1 Armour
 + Level 11.1 Shields


You had 13 spell levels left.
You didn't know any spells.
Your spell library contained the following spells:

 Spells                   Type           Power      Damage    Failure   Level
 Sting                    Tmut/Pois      0%         1d3       100%        1
 Poisonous Vapours        Pois/Air       0%         N/A       100%        2
 Confusing Touch          Hex            0%         N/A       100%        3
 Dazzling Flash           Conj/Hex       0%         N/A       100%        3
 Ozocubu's Armour         Ice            0%         N/A       100%        3
 Iskenderun's Mystic Bla  Conj/Tloc      0%         2d3       100%        4
 Olgreb's Toxic Radiance  Pois           0%         N/A       100%        4
 Metabolic Englaciation   Hex/Ice        0%         N/A       100%        5
 Yara's Violent Unravell  Hex/Tmut       0%         3d3       100%        5
 Simulacrum               Ice/Necr       0%         N/A       100%        6
 Starburst                Conj/Fire      0%         6d3       100%        6
 Enfeeble                 Hex            0%         N/A       100%        7

Inventory:

Hand Weapons
 b - a +1 whip of venom
   (You took it off a gnoll on level 7 of the Dungeon)
 A - a +4 spectral morningstar (weapon)
   (You took it off a wight on level 8 of the Dungeon)
Missiles
 n - 21 poisoned darts (quivered)
 s - a throwing net {!f}
 E - a curare-tipped dart {!f}
Armour
 f - a +1 plate armour of fire resistance
   (You found it in a volcano)
 k - a +1 pair of gloves (worn)
   (You found it on level 4 of the Dungeon)
 l - the +5 plate armour of Kindness (worn) {Will+ Regen+ Int+2}
   (You found it on level 3 of the Dungeon)

   Int:       It affects your intelligence (+2).
   Regen:     It increases your rate of health regeneration.
   Will:      It increases your willpower.
 r - a +0 cloak (worn)
   (You found it on level 4 of the Dungeon)
 z - a +0 tower shield (worn)
   (You found it on level 2 of the Lair of Beasts)
Jewellery
 D - a +6 ring of strength (left hand)
   (You found it on level 9 of the Dungeon)
Wands
 d - a wand of iceblast (16)
   (You found it on level 5 of the Dungeon)
 g - a wand of polymorph (8)
   (You took it off Ijyb on level 3 of the Dungeon)
 t - a wand of flame (10)
   (You found it on level 1 of the Lair of Beasts)
 u - a wand of paralysis (12)
   (You found it on level 7 of the Dungeon)
 v - a wand of digging (23)
   (You bought it in a shop on level 5 of the Dungeon)
Scrolls
 e - 2 scrolls of noise {!r}
 h - 9 scrolls of teleportation {@r4}
 o - a scroll of silence
 w - a scroll of acquirement
 y - 2 scrolls of identify {@r1}
 G - 3 scrolls of fear
 H - a scroll of enchant weapon
 J - a scroll of brand weapon
 L - a scroll of blinking
 M - a scroll of immolation {!r}
 N - a scroll of vulnerability {!r}
 O - a scroll of magic mapping
 P - a scroll of fog {unknown}
Potions
 c - 2 potions of haste {@q3}
 i - 6 potions of heal wounds {@q2}
 j - a potion of lignification {!q}
 m - 4 potions of curing {@q1}
 p - 2 potions of brilliance
 q - 2 potions of attraction {!q}
 x - 2 potions of cancellation {unknown}
 B - 2 potions of berserk rage
 C - 5 potions of resistance
 F - 3 potions of mutation {unknown}
 I - 3 potions of might
 K - a potion of flight {unknown}
Miscellaneous
 a - a phantom mirror
   (You found it on level 1 of the Lair of Beasts)
 Q - a tin of tremorstones (2/2)
   (You found it on level 6 of the Lair of Beasts)

Dungeon Overview and Level Annotations

Branches:
Dungeon (10/15)            Temple (1/1) D:5            Lair (6/6) D:8
  Swamp (0/4) Lair:3        Snake (0/4) Lair:4        Slime (0/5) Lair:5
Volcano (visited)
    Orc: D:9-12

Altars:
Ashenzari
Cheibriados
Dithmenos
Elyvilon
Fedhas
Gozag
Hepliaklqana
Kikubaaqudgha
Makhleb
Nemelex Xobeh
Okawaru
Qazlal
Ru
Sif Muna
Trog
Uskayaw
Vehumet
Wu Jian
Xom
Yredelemnul
Zin
The Shining One
Jiyva

Shops:
D:5 *   D:6 =[   D:10 !

Annotations:
D:3 2 transporters
D:10 exclusion: fire dragon
Lair:5 1 runed translucent door

### ## ###### #######.# .####
#.#..#####.##.#..####.#.#.#
#..........................
#......................P#.#
#...............####....#..
#.........@#####..##...###.
#...........###........P##.
#...........##.....+....#.( ♣♣
#..........##.....#........ ♣.♣
#...........###..###...#### ♣..♣
##..........##.#####P....##. ..
#............#.###.##...###. P
♣#.......................##..
♣♣♣♣♣......................###...


There were no monsters in sight!


Message History

You swap places.
You enter the shallow water.
Moving in this stuff is going to be slow.
A komodo dragon comes into view.
The komodo dragon hisses angrily.
An iguana and an acid dragon come into view.
The iguana hisses angrily.
You thump the komodo dragon!
Your +4 spectral morningstar hits the komodo dragon!
The komodo dragon bites your +4 spectral morningstar.
You bludgeon the komodo dragon!!
You kill the komodo dragon!
You see here a komodo dragon corpse.
The iguana bites you.
The acid dragon bites you but does no damage.
The acid dragon claws you but does no damage.
You hit the acid dragon.
Your +4 spectral morningstar hits the acid dragon!!
You kill the acid dragon!
The acid dragon scales are intact enough to wear.
You block the iguana's attack.
You sock the iguana!
Your +4 spectral morningstar hits the iguana!
You kill the iguana!
No target in view!
No target in view!
No target in view!
No target in view!
Things that are here:
+0 acid dragon scales; an acid dragon corpse You enter the shallow water.
Moving in this stuff is going to be slow.
You enter the shallow water.
Moving in this stuff is going to be slow.
A fire dragon comes into view.
A swamp dragon comes into view.
Found 70 gold pieces, a club, 11 stones and a halberd.
The fire dragon roars deafeningly!
You hear an angry hiss. x2
A komodo dragon comes into view.
The swamp dragon moves out of view.
Found 20 gold pieces and a long sword.
You block the fire dragon's attack. x2
The fire dragon tramples you but does no damage.
You hit the fire dragon.
Your +4 spectral morningstar barely misses the fire dragon.
The fire dragon bites you but does no damage.
You block the fire dragon's attack. x2
You puncture the fire dragon! You tail-slap the fire dragon.
Your +4 spectral morningstar closely misses the fire dragon.
You block the fire dragon's attack.
The fire dragon claws you but does no damage.
The fire dragon tramples you but does no damage.
You hit the fire dragon.
Your +4 spectral morningstar hits the fire dragon.
The komodo dragon bites your +4 spectral morningstar!!
Your spectral weapon shares its damage with you!
Your +4 spectral morningstar fades away.
You block the fire dragon's attack. x2
The fire dragon tramples you but does no damage.
You sock the fire dragon!
Your +4 spectral morningstar hits the fire dragon!
The swamp dragon bites you.
The swamp dragon claws you but does no damage.
The swamp dragon tramples you but does no damage.
The fire dragon breathes flames at you. The blast of flame hits you!!
The komodo dragon bites your +4 spectral morningstar!!
Your spectral weapon shares its damage with you!
Your +4 spectral morningstar fades away.
You hear an angry hiss.
As you read the scroll of teleportation {@r4}, it crumbles to dust.
You feel strangely unstable.
You are engulfed in a cloud of scalding steam.
The swamp dragon bites you. The swamp dragon claws you.
You block the swamp dragon's attack. The fire dragon breathes flames at you.
The blast of flame hits you!!
* * * LOW HITPOINT WARNING * * *
You are engulfed in a cloud of scalding steam.
The swamp dragon breathes poison at you.
The blast of poison engulfs you but does no damage.
You are poisoned.
You block the fire dragon's attack. x2
The fire dragon tramples you but does no damage.
You are engulfed in poison gas.
You are more poisoned.
* * * LOW HITPOINT WARNING * * *
You feel very sick.
Unknown command.
You are engulfed in poison gas.
You are more poisoned.
* * * LOW HITPOINT WARNING * * *
* * * LOW HITPOINT WARNING * * *
You feel extremely sick.
The komodo dragon bites the plant!!
The plant begins to die.
You completely miss the fire dragon. You tail-slap the fire dragon.
Your +4 spectral morningstar hits the fire dragon!
You are engulfed in poison gas.
You are more poisoned.
* * * LOW HITPOINT WARNING * * *
Your surroundings suddenly seem different.
You die...

Skill      XL: |  1  2  3  4  5  6  7  8  9 10 11 12 13 14 |
---------------+-------------------------------------------+-----
Armour         | 3 4 5 6 7 8 9 10 11 | 11.1
Shields        | 3 4 5 6 7 8 9 10 11 | 11.1
Maces & Flails | 3 4 6 7 8 10 11 12 | 12.8
Fighting       | 4 5 6 8 9 10 11 12 13 | 13.1

Action                   |  1- 3 |  4- 6 |  7- 9 | 10-12 | 13-15 || total
-------------------------+-------+-------+-------+-------+-------++-------
Melee: Flail             |    82 |   107 |   126 |    51 |       ||   366
       Tailslap          |    12 |    25 |    64 |    73 |    62 ||   236
       Dagger            |       |    58 |    68 |       |       ||   126
       Whip              |       |       |    85 |     9 |       ||    94
       Morningstar       |       |       |       |   268 |   259 ||   527
Throw: Dart              |       |       |    15 |       |       ||    15
Invok: Divine Shield     |       |       |     1 |     1 |       ||     2
 Abil: Rolling Charge    |       |       |     8 |     9 |     3 ||    20
Evoke: Wand              |       |       |     5 |       |       ||     5
  Use: Potion            |     1 |     1 |       |       |       ||     2
       Scroll            |       |       |    11 |     7 |     4 ||    22
Armor: Scale mail        |    53 |    76 |       |     6 |       ||   135
       Plate armour      |       |       |   159 |   181 |   120 ||   460
       Chain mail        |       |       |       |    16 |       ||    16
Dodge: Dodged            |    37 |    50 |    48 |    49 |    22 ||   206
Block: Buckler           |    14 |    33 |    39 |       |       ||    86
       Kite shield       |       |       |    27 |   139 |       ||   166
       Tower shield      |       |       |       |    88 |   175 ||   263

Levels and vault maps discovered:
D:1:      onia_arrival_mini_spirals, layout_loops_ring
D:2:      layout_loops_ring, ebering_ecumenical_altar_petrified, basic_altar,
          uniq_terence
D:3:      gammafunk_wand_slinger, layout_rooms, xom_butterflies,
          nicolae_concentric_dashed_squares_mild, guppyfry_early_lair_pool,
          uniq_ijyb
D:4:      layout_cave_pools, nemelex_dance_club_becter, lemuel_flame_loot_1
D:5:      lemuel_ice_spiral_2, layout_basic,
          minmay_temple_entry_drinking_statues, nicolae_shop_clearance
D:6:      layout_loops_ring, serial_shops, nicolae_shop_hallway_plus, shop,
          amcnicky_mini_pool_small, patterned_corridor
D:7:      layout_basic, gammafunk_temple_overflow_forgotten, minivault_5
D:8:      layout_rooms, dpeg_lair_monsters, minivault_26
D:9:      layout_long_grid, mainiacjoe_overflow_paths
D:10:     layout_rooms, serial_shops, kennysheep_mini, minivault_14,
          minmay_three_doors, uniq_erolcha
Temple:   kb_temple_of_zot
Lair:1:   layout_regular_city, enter_volcano_2, grunt_megastairs_3,
          serial_bayou_shore_b
Lair:2:   layout_chaotic_city, lemuel_fruit_tree
Lair:3:   layout_roguey, minmay_swamp_entry_worms, lemuel_fruit_fields
Lair:4:   layout_long_grid, dummy_snake_entry
Lair:5:   layout_long_grid, slime_altar_2, serial_bayou, serial_bayou_lake_a,
          serial_bayou_pond_e, serial_bayou_shore_b, serial_bayou_lagoon_a,
          serial_bayou_shore_b
Lair:6:   guppyfry_lair_end_dragon, layout_regular_city,
          hangedman_lair_in_review, uniq_josephine

Notes
Turn   | Place    | Note
-------+----------+-------------------------------------------
     0 | D:1      | MalarOregon the Palentonga Fighter began the quest for the
                  | Orb.
     0 | D:1      | Reached XP level 1. HP: 19/19 MP: 1/1
   281 | D:1      | Reached XP level 2. HP: 25/25 MP: 2/2
   643 | D:1      | Reached XP level 3. HP: 31/31 MP: 3/3
   906 | D:2      | Noticed Terence
  1067 | D:2      | Killed Terence
  1362 | D:2      | Reached XP level 4. HP: 13/37 MP: 4/4
  1559 | D:2      | Found a glowing golden altar of the Shining One.
  1573 | D:2      | Became a worshipper of the Shining One
  1606 | D:2      | Found a faded altar of an unknown god.
  1695 | D:2      | You pick up a book of Spectacle and begin reading...
  1695 | D:2      | You add the spells Dazzling Flash, Iskenderun's Mystic
                  | Blast and Starburst to your library.
  1945 | D:2      | Reached skill level 3 in Armour
  2128 | D:2      | Reached skill level 3 in Shields
  2593 | D:3      | Found a transporter.
  2612 | D:3      | Reached skill level 3 in Maces & Flails
  2617 | D:3      | HP: 8/39 [poisoned by an adder]
  2619 | D:3      | HP: 1/39 [poisoned by an adder]
  2628 | D:3      | HP: 6/39 [adder (4)]
  2629 | D:3      | HP: 2/39 [adder (3)]
  3184 | D:3      | Found a transporter.
  3201 | D:3      | Noticed a scorpion
  3211 | D:3      | Killed a scorpion
  3212 | D:3      | Reached skill level 4 in Fighting
  3212 | D:3      | Reached XP level 5. HP: 16/44 MP: 5/5
  3438 | D:3      | Found a shimmering altar of Xom.
  3451 | D:3      | Noticed Ijyb
  3461 | D:3      | Killed Ijyb
  3530 | D:3      | Identified the +5 plate armour of Kindness {Will+ Regen+
                  | Int+2}
  3813 | D:4      | Reached XP level 6. HP: 40/51 MP: 6/6
  4006 | D:4      | Reached * piety under the Shining One
  4107 | D:4      | Reached skill level 4 in Maces & Flails
  4258 | D:4      | Gained mutation: You curl defensively after being hit. (AC
                  | +7*) [Palentonga growth]
  4258 | D:4      | Reached XP level 7. HP: 43/58 MP: 7/7
  4835 | D:4      | Found a sparkling altar of Nemelex Xobeh.
  4942 | D:5      | Entered Level 5 of the Dungeon
  4951 | D:4      | Reached skill level 4 in Armour
  4951 | D:4      | Reached skill level 4 in Shields
  5163 | D:5      | Reached skill level 5 in Fighting
  5425 | D:5      | Found a staircase to the Ecumenical Temple.
  5434 | Temple   | Entered the Ecumenical Temple
  5623 | D:5      | Reached XP level 8. HP: 61/67 MP: 8/8
  5654 | D:5      | Found Gumus's CLEARANCE SALE!.
  5660 | D:5      | Bought a scroll of identify for 12 gold pieces
  5660 | D:5      | Bought a wand of digging (7) for 132 gold pieces
  5681 | D:5      | Reached skill level 5 in Maces & Flails
  5842 | D:5      | You pick up a book of Winter and begin reading...
  5842 | D:5      | You add the spells Ozocubu's Armour, Metabolic Englaciation
                  | and Simulacrum to your library.
  6256 | D:6      | Noticed a komodo dragon
  6261 | D:6      | HP: 15/68 [komodo dragon (18)]
  6312 | D:6      | Killed a komodo dragon
  6313 | D:6      | Reached skill level 6 in Fighting
  6313 | D:6      | Reached skill level 5 in Armour
  6313 | D:6      | Reached skill level 5 in Shields
  6360 | D:6      | Found Wask's Antique Armour Boutique.
  6411 | D:6      | Reached skill level 6 in Maces & Flails
  6521 | D:6      | Found Dokhedd's Jewellery Emporium.
  7053 | D:7      | Reached ** piety under the Shining One
  7095 | D:7      | Reached XP level 9. HP: 71/75 MP: 9/9
  7198 | D:7      | You pick up a book of Misfortune and begin reading...
  7198 | D:7      | You add the spells Confusing Touch, Yara's Violent
                  | Unravelling and Enfeeble to your library.
  7210 | D:7      | Found a shimmering blue altar of Sif Muna.
  7214 | D:7      | Found a snail-covered altar of Cheibriados.
  7214 | D:7      | Found a sacrificial altar of Ru.
  7315 | D:7      | Identified a scroll of acquirement
  7776 | D:7      | Reached skill level 7 in Fighting
  8016 | D:8      | Reached skill level 6 in Armour
  8016 | D:8      | Reached skill level 6 in Shields
  8022 | D:8      | Reached skill level 7 in Maces & Flails
  8183 | D:8      | Noticed a death yak
  8190 | D:8      | Noticed a death yak
  8192 | D:8      | Noticed a death yak
  8234 | D:8      | Killed a death yak
  8290 | D:8      | Killed a death yak
  8291 | D:8      | Reached skill level 8 in Fighting
  8291 | D:8      | Reached XP level 10. HP: 76/85 MP: 10/10
  8340 | D:8      | Killed a death yak
  8372 | D:8      | Reached *** piety under the Shining One
  8378 | D:8      | Reached skill level 8 in Maces & Flails
  8397 | D:8      | Reached skill level 7 in Armour
  8407 | D:8      | Found a staircase to the Lair.
  8481 | D:8      | Reached skill level 7 in Shields
  8774 | D:9      | Found a white marble altar of Elyvilon.
  8861 | D:9      | You add the spells Sting, Poisonous Vapours and Olgreb's
                  | Toxic Radiance to your library.
  9441 | D:10     | Entered Level 10 of the Dungeon
  9441 | D:10     | Noticed Erolcha
  9598 | D:10     | Killed Erolcha
  9599 | D:10     | Reached skill level 9 in Fighting
  9682 | D:10     | Noticed a fire dragon
  9728 | D:10     | Noticed a two-headed ogre
  9731 | D:10     | Killed a two-headed ogre
  9732 | D:10     | Reached XP level 11. HP: 86/95 MP: 11/11
  9746 | D:10     | Noticed an orc knight
  9752 | D:10     | Killed an orc knight
  9782 | D:10     | Identified the +7 falchion of the Purple Skies {vorpal,
                  | rF++ Int-3}
  9825 | D:10     | Reached skill level 9 in Maces & Flails
  9863 | D:10     | Found Exanug's Distillery.
 10061 | Lair:1   | Entered Level 1 of the Lair of Beasts
 10107 | Lair:1   | Reached **** piety under the Shining One
 10242 | Lair:1   | Reached skill level 8 in Armour
 10246 | Lair:1   | Reached skill level 8 in Shields
 10297 | Lair:1   | Found a dark tunnel.
 10304 | Volcano  | Entered a volcano
 10345 | Volcano  | Noticed a two-headed ogre
 10345 | Volcano  | Noticed a two-headed ogre
 10358 | Volcano  | Killed a two-headed ogre
 10361 | Volcano  | HP: 21/96 [two-headed ogre/+0 great mace of flaming (14)]
 10361 | Volcano  | HP: 10/96 [two-headed ogre/+0 great mace of flaming (1)]
 10362 | Volcano  | Killed a two-headed ogre
 10717 | Volcano  | Reached skill level 10 in Fighting
 10720 | Volcano  | HP: 24/96 [centaur (4)]
 11899 | Lair:1   | Noticed a five-headed hydra
 11906 | Lair:1   | Killed a five-headed hydra
 11907 | Lair:1   | Reached skill level 10 in Maces & Flails
 12413 | Lair:2   | Reached XP level 12. HP: 99/104 MP: 12/12
 12460 | Lair:2   | Noticed a catoblepas
 12468 | Lair:2   | Killed a catoblepas
 12568 | Lair:2   | Reached skill level 9 in Armour
 12568 | Lair:2   | Reached skill level 9 in Shields
 12819 | Lair:2   | Noticed a catoblepas
 12827 | Lair:2   | Killed a catoblepas
 12834 | Lair:2   | Reached skill level 11 in Fighting
 13316 | Lair:3   | Reached skill level 11 in Maces & Flails
 13777 | Lair:3   | Found a staircase to the Swamp.
 13976 | Lair:4   | Found a staircase to the Snake Pit.
 14068 | Lair:4   | Noticed a six-headed hydra
 14073 | Lair:4   | Killed a six-headed hydra
 14211 | Lair:4   | You fall into a shaft and drop 2 floors!
 14211 | Lair:6   | Entered Level 6 of the Lair of Beasts
 14211 | Lair:6   | Noticed a four-headed hydra
 14214 | Lair:6   | Killed a four-headed hydra
 14215 | Lair:6   | Reached XP level 13. HP: 114/114 MP: 13/13
 14234 | Lair:6   | Noticed Josephine
 14240 | Lair:6   | Killed Josephine
 14241 | Lair:6   | Reached skill level 10 in Shields
 14243 | Lair:6   | Reached skill level 10 in Armour
 14368 | Lair:6   | Reached ***** piety under the Shining One
 14380 | Lair:6   | Reached skill level 12 in Fighting
 14773 | Lair:5   | Reached skill level 12 in Maces & Flails
 15554 | Lair:5   | Found a runed translucent door.
 15554 | Lair:5   | Found a viscous altar of Jiyva.
 15554 | Lair:5   | Found a staircase to the Slime Pits.
 15554 | Lair:5   | Noticed an acid blob
 16363 | Lair:6   | Reached XP level 14. HP: 117/124 MP: 14/14
 16422 | Lair:6   | Reached skill level 11 in Shields
 16467 | Lair:6   | Reached skill level 11 in Armour
 16474 | Lair:6   | Reached skill level 13 in Fighting
 16911 | Lair:6   | HP: 31/126 [poisoned by a swamp dragon (poison gas)]
 16913 | Lair:6   | HP: 10/126 [swamp dragon] (9)]
 16913 | Lair:6   | Succumbed to a swamp dragon's poison gas

Vanquished Creatures
  A dire elephant (Lair:6)
  Josephine (Lair:6)
  6 hydras
  Erolcha (D:10)
  5 catoblepae
  6 death yaks
  3 two-headed ogres
  2 lindwurms
  An orc knight (D:10)
  2 salamanders (Volcano)
  5 elephants
  6 black mambas
  4 torpor snails
  18 cane toads
  9 komodo dragons
  5 rime drakes
  4 polar bears
  A hornet (D:9)
  A tyrant leech (Lair:3)
  4 dream sheep (Lair:6)
  22 blink frogs
  3 wraiths (Lair:6)
  2 shadows (D:9)
  5 wyverns
  A vampire (D:6)
  37 yaks
  2 fire bats (Volcano)
  8 basilisks
  2 steam dragons
  2 swamp worms (Lair:3)
  A hell hound (Volcano)
  8 water moccasins
  3 acid dragons
  A swamp drake (Lair:6)
  2 orc warriors
  A sky beast (D:7)
  2 black bears
  A necrophage (D:8)
  10 wolves
  4 ogres
  4 centaurs
  3 phantoms
  10 bullfrogs
  A kobold brigand (D:10)
  A gnoll sergeant (D:7)
  A water moccasin zombie (D:5)
  3 scorpions
  A water moccasin skeleton (D:5)
  11 killer bees
  16 wights
  4 electric eels (Lair:5)
  4 hounds
  4 orc priests
  A centaur zombie (D:7)
  Terence (D:2)
  A centaur skeleton (D:7)
  Ijyb (D:3)
  An iguana (Lair:6)
  8 orc wizards
  A scorpion zombie (D:5)
  5 gnolls (D:7)
  A howler monkey zombie (D:10)
  A howler monkey skeleton (D:7)
  5 adders
  A shadow imp (D:6)
  A white imp (D:7)
  An adder skeleton (D:4)
  4 worms (D:2)
  5 dart slugs
  20 orcs
  7 ball pythons
  6 bats
  10 endoplasms
  3 giant cockroaches
  6 goblins
  4 hobgoblins
  4 jackals (D:1)
  4 quokkas
  2 frilled lizards (D:3)
  7 kobolds
  5 rats
381 creatures vanquished.

Vanquished Creatures (others)
  27 fungi
  22 plants
49 creatures vanquished.

Grand Total: 430 creatures vanquished

Table legend:
 A = Non-vault XP
 B = Vault XP
 C = Vault XP percentage of total XP
 D = Non-vault monster count
 E = Vault monster count
 F = Vault count percentage of total count
                 A         B        C        D         E       F
            +---------+---------+-------+---------+---------+-------
      Total |   50087 |   22672 |  31.2 |     317 |      64 |  16.8
            +---------+---------+-------+---------+---------+-------
        D:1 |      46 |       0 |   0.0 |      24 |       0 |   0.0
        D:2 |      41 |      38 |  48.1 |      16 |       1 |   5.9
        D:3 |     155 |      36 |  18.8 |      16 |       1 |   5.9
        D:4 |     628 |       5 |   0.8 |      20 |       2 |   9.1
        D:5 |     721 |       0 |   0.0 |      12 |       0 |   0.0
        D:6 |    1022 |       0 |   0.0 |       9 |       0 |   0.0
        D:7 |     960 |       0 |   0.0 |      24 |       0 |   0.0
        D:8 |    1782 |    2442 |  57.8 |      21 |       5 |  19.2
        D:9 |    1545 |       0 |   0.0 |      19 |       0 |   0.0
       D:10 |     774 |    2310 |  74.9 |      16 |       3 |  15.8
     Lair:1 |    3746 |    1103 |  22.7 |      10 |       6 |  37.5
     Lair:2 |    9494 |       0 |   0.0 |      32 |       0 |   0.0
     Lair:3 |    4980 |     589 |  10.6 |      20 |       3 |  13.0
     Lair:4 |    4444 |       0 |   0.0 |      14 |       0 |   0.0
     Lair:5 |    7194 |       0 |   0.0 |      31 |       0 |   0.0
     Lair:6 |   12555 |   12532 |  50.0 |      33 |      33 |  50.0
    Volcano |       0 |    3617 | 100.0 |       0 |      10 | 100.0
            +---------+---------+-------+---------+---------+-------

Illustrated notes

Table legend:
 A = Kills in this place as a percentage of kills in entire the game.
 B = Kills by you in this place as a percentage of kills by you in the entire game.
 C = Kills by friends in this place as a percentage of kills by friends in the entire game.
 D = Other kills in this place as a percentage of other kills in the entire game.
 E = Experience gained in this place as a percentage of experience gained in the entire game.
 F = Experience gained in this place divided by the number of levels of this place that you have seen.
                   A       B       C       D       E      F
               +-------+-------+-------+-------+-------+----------------------
         Total | 100.0 | 100.0 |   N/A |   N/A | 100.0 | 4042.2
       Dungeon |  49.6 |  49.6 |   N/A |   N/A |  17.2 | 1250.5
          Lair |  47.8 |  47.8 |   N/A |   N/A |  77.8 | 9439.5
       Volcano |   2.6 |   2.6 |   N/A |   N/A |   5.0 | 3617.0
               +-------+-------+-------+-------+-------+----------------------

Table legend: (Time is in decaauts)
 A = Elapsed time spent in this place.
 B = Non-inter-level travel time spent in this place.
 C = Inter-level travel time spent in this place.
 D = Time resting spent in this place.
 E = Time spent auto-exploring this place.
 F = Levels seen in this place.
 G = Mean time per level.
                   A        B        C        D        E       F      G
               +--------+--------+--------+--------+--------+-----+--------+
         Total |  17134 |  16202 |    932 |   2777 |  10146 |  18 |  951.9 |
       Dungeon |  10027 |   9597 |    430 |   1581 |   6098 |  10 | 1002.7 |
        Temple |    105 |     90 |     15 |      0 |     79 |   1 |  105.0 |
          Lair |   5537 |   5051 |    486 |    135 |   3824 |   6 |  922.8 |
       Volcano |   1464 |   1464 |      0 |   1061 |    144 |   1 | 1464.0 |
               +--------+--------+--------+--------+--------+-----+--------+

Top non-repeatable levels by time:
     D:3: 1535 daAuts
 Volcano: 1464 daAuts
     D:4: 1239 daAuts
     D:2: 1200 daAuts
  Lair:5: 1199 daAuts
  Lair:6: 1157 daAuts
     D:1: 1072 daAuts
     D:6: 984 daAuts
     D:7: 983 daAuts
     D:5: 937 daAuts
  Lair:1: 897 daAuts
  Lair:2: 809 daAuts
  Lair:3: 783 daAuts
     D:8: 778 daAuts
     D:9: 732 daAuts
